 Dungeon Crawl Stone Soup version 0.30-a0-347-gf58ed5266c (webtiles) character file.

Game seed: 16880030113713810904

9 greasedhog the Trooper (level 2, -1/24 HPs)
             Began as a Merfolk Fighter on Nov 7, 2022.
             Succumbed to a gnoll's poison
             ... on level 1 of the Dungeon.
             The game lasted 00:00:29 (234 turns).

greasedhog the Trooper (Merfolk Fighter)             Turns: 234, Time: 00:00:29

Health: -1/24      AC:  6    Str: 16    XL:     2   Next: 16%
Magic:  2/2        EV:  9    Int:  7    God:
Gold:   32         SH:  4    Dex: 13    Spells: 1/1 levels left

rFire   + . .      SeeInvis .    a - +0 long sword
rCold   . . .      Faith    .    c - +0 buckler
rNeg    . . .      Spirit   .    b - +0 scale mail
rPois   .          Reflect  .    (no helmet)
rElec   .          Harm     .    (no cloak)
rCorr   .          Rampage  .    (no gloves)
Will    +....                    (no boots)
Stlth   ..........               (no amulet)
HPRegen 0.24/turn                f - ring of willpower
MPRegen 0.08/turn                e - ring of protection from fire

@: lethally poisoned (-1 -> -13)
A: (nimble swimmer 2), mertail
a: no special abilities


You were on level 1 of the Dungeon.
You visited 1 branch of the dungeon, and saw 1 of its levels.

You collected 32 gold pieces.

Inventory:

Hand Weapons
 a - a +0 long sword (weapon)
Armour
 b - a +0 scale mail (worn)
 c - a +0 buckler (worn)
Jewellery
 e - a ring of protection from fire (right hand)
 f - a ring of willpower (left hand)
Potions
 d - 2 potions of might
 g - a potion of mutation {unknown}


   Skills:
 * Level 3.4 Fighting
 * Level 2.6 Long Blades
 + Level 2.2 Armour
 * Level 0.9 Dodging
 * Level 3.1 Shields


You had one spell level left.
You didn't know any spells.
Your spell library was empty.

Dungeon Overview and Level Annotations

Branches:
Dungeon (1/15)

Altars:


Innate Abilities, Weirdness & Mutations

((You are very nimble when in or above water. (Stealth+, EV+, Speed+++)))
Your lower body shifts to a powerful aquatic tail in water.


Message History

You are poisoned.
The gnoll barely misses you.
You hit the gnoll but do no damage.
The gnoll is heavily wounded.
You feel sick. The gnoll barely misses you.
You barely miss the gnoll.
The gnoll is heavily wounded.
You feel sick.
The gnoll hits you with a +0 spear of venom.
You are more poisoned.
You barely miss the gnoll.
The gnoll is heavily wounded.
You feel very sick. You block the gnoll's attack. The gnoll misses you.
You are too injured to fight recklessly!
You are too injured to fight recklessly!
You are too injured to fight recklessly!
You are too injured to fight recklessly!
You are too injured to fight recklessly!
You are too injured to fight recklessly!
You barely miss the gnoll.
The gnoll is heavily wounded.
You feel very sick. The gnoll barely misses you.
You hit the gnoll.
The gnoll is severely wounded.
* * * LOW HITPOINT WARNING * * *
You feel very sick. The gnoll closely misses you.
You closely miss the gnoll.
The gnoll is severely wounded.
* * * LOW HITPOINT WARNING * * *
You feel sick.
The gnoll hits you with a +0 spear of venom.
* * * LOW HITPOINT WARNING * * *
You are more poisoned.
You block the gnoll's attack.
You hit the gnoll.
You kill the gnoll!
You die...

##### #...# #...#
#...# ######## #...#
#.@)...# #######...#
#.####.# .....##...#
#.###
.....##...#####...#
..............†...#
................#>...#
.....###........#.####
....## ##.......#.#
....# #..........


There were no monsters in sight!

Vanquished Creatures
  A gnoll (D:1)
  A bat (D:1)
  An endoplasm (D:1)
  A giant cockroach (D:1)
  A goblin (D:1)
  A kobold (D:1)
  A quokka (D:1)
  A ball python (D:1)
  A frilled lizard (D:1)
9 creatures vanquished.

Notes
Turn   | Place    | Note
-------+----------+-------------------------------------------
     0 | D:1      | greasedhog the Merfolk Fighter began the quest for the Orb.
     0 | D:1      | Reached XP level 1. HP: 18/18 MP: 1/1
   116 | D:1      | Reached XP level 2. HP: 19/24 MP: 2/2
   234 | D:1      | Succumbed to a gnoll's poison

Illustrated notes

Levels and vault maps discovered:
D:1:      minmay_arrival_four_circles, layout_basic

Action                   || total
-------------------------++-------
Melee: Long sword        ||    48
Armor: Scale mail        ||    33
Dodge: Dodged            ||    32
Block: Buckler           ||    16

Table legend: (Time is in decaauts)
 A = Elapsed time spent in this place.
 B = Non-inter-level travel time spent in this place.
 C = Inter-level travel time spent in this place.
 D = Time resting spent in this place.
 E = Time spent auto-exploring this place.
 F = Levels seen in this place.
 G = Mean time per level.
                   A        B        C        D        E       F      G
               +--------+--------+--------+--------+--------+-----+--------+
         Total |    248 |    248 |      0 |      0 |    156 |   1 |  248.0 |
       Dungeon |    248 |    248 |      0 |      0 |    156 |   1 |  248.0 |
               +--------+--------+--------+--------+--------+-----+--------+

Top non-repeatable levels by time:
     D:1: 248 daAuts
